Map: 킹스 코브 - 래더

Players

DnS

  • Race: Protoss Protoss
  • Spawn Location: 5:00

liquidthermy (uThermal) - Winner!

  • Race: Terran Terran
  • Spawn Location: 11:00

Event: HomeStory Cup XIX

VOD

Have the link to the VOD?

Description

Time

  • Played on: June 27, 2019, 4:12 p.m.
  • Length: 8:29

All games in this series

Show
View Real Time Build Order
Export as new Build Order

DnS Protoss 

Build Orders: 1 Gate Expand, Blink Stalkers 

Get SALT Encoding   

  12  0:00  Probe  
  13  0:12  Probe  
  14  0:18  Pylon  
  14  0:24  Probe  
  15  0:32  Probe  
  15  0:38  Gateway  
  15  0:40  Probe  
  16  0:46  Assimilator  
  17  0:50  Probe  
  18  1:02  Probe  
  19  1:15  Probe  
  20  1:24  Nexus  
  20  1:34  Cybernetics Core  
  20  1:37  Probe  
  21  1:44  Assimilator  
  21  1:49  Probe  
  21  1:52  Pylon  
  22  2:01  Probe  
  22  2:02  Adept  
  23  2:12  Warp Gate  
  23  2:13  Probe  
  26  2:22  Twilight Council  
  26  2:25  Probe  
  27  2:31  Adept  
  27  2:35  Probe  
  27  2:36  Probe  
  29  2:40  Blink  
  29  2:43  Probe  
  31  2:44  Probe  
  33  2:53  Probe x2  
  35  3:04  Adept  
  37  3:05  Probe  
  37  3:08  Probe  
  39  3:18  Probe, Gateway  
  40  3:20  Probe  
  41  3:29  Pylon  
  41  3:32  Probe x2  
  41  3:33  Stalker  
  45  3:44  Probe  
  45  3:47  Probe, Robotics Facility  
  47  3:53  Pylon  
  45  4:03  Probe  
  45  4:04  Probe  
  43  4:12  Stalker  
  43  4:15  Stalker, Probe  
  43  4:16  Probe  
  47  4:18  Assimilator  
  47  4:22  Gateway  
  47  4:28  Observer  
  47  4:29  Probe x2  
  49  4:35  Nexus  
  49  4:36  Stalker  
  52  4:41  Probe  
  52  4:43  Stalker, Probe  
  56  4:49  Observer, Pylon  
  57  4:53  Probe  
  57  4:55  Probe  
  59  5:04  Observer  
  59  5:05  Probe  
  60  5:08  Stalker x2  
  60  5:10  Probe  
  66  5:17  Probe  
  66  5:18  Forge  
  67  5:28  Probe  
  68  5:29  Probe  
  68  5:34  Pylon  
  69  5:40  Probe  
  70  5:46  Immortal  
  70  5:47  Charge, Pylon  
  70  5:49  Stalker x3  
  80  5:50  Protoss Ground Weapons Level 1  
  80  5:55  Probe x2  
  82  5:59  Probe  
  82  6:01  Pylon  
  83  6:06  Observer  
  83  6:08  Probe  
  83  6:10  Probe  
  85  6:13  Forge  
  85  6:14  Probe  
  85  6:18  Gateway  
  86  6:19  Gateway  
  86  6:20  Sentry, Gateway  
  86  6:21  Probe  
  89  6:31  Probe x2, Protoss Ground Armor Level 1  
  89  6:34  Probe  
  87  6:43  Probe x2  
  87  6:45  Gateway  
  87  6:46  Probe, Gateway  
  88  6:50  Immortal  
  92  6:55  Probe x2  
  92  6:56  Sentry, Zealot x2  
  92  6:58  Probe  
  101  7:01  Pylon  
  101  7:04  Pylon  
  102  7:11  Probe  
  102  7:13  Pylon  
  104  7:17  Zealot x3  
  108  7:29  Zealot x3  
  114  7:32  Immortal  
  114  7:35  Pylon  
  118  7:43  Nexus  
  118  7:49  Probe x2  
  117  7:53  Stalker x2  
  117  7:58  Zealot x5  
  117  8:10  Zealot  
  105  8:16  Zealot x2  
  105  8:19  Zealot x5  
Show
View Real Time Build Order
Export as new Build Order

liquidthermy Terran - Winner!

Build Orders: Cyclone Opening, Gas First Reaper Expand 

Get SALT Encoding   

  12  0:01  SCV  
  13  0:13  SCV  
  14  0:17  Supply Depot  
  14  0:25  SCV  
  15  0:29  Refinery  
  15  0:39  SCV  
  16  0:45  Barracks  
  16  0:51  SCV  
  17  1:03  SCV  
  18  1:15  SCV  
  19  1:32  Orbital Command, Reaper  
  20  1:48  Command Center  
  20  1:56  Factory  
  20  2:00  SCV  
  21  2:08  Supply Depot  
  21  2:11  Barracks Tech Lab  
  21  2:14  SCV  
  22  2:22  Refinery  
  22  2:26  SCV  
  22  2:38  SCV  
  23  2:46  Cyclone  
  23  2:50  Barracks Reactor, SCV  
  27  2:59  Orbital Command  
  27  3:02  SCV  
  28  3:10  Starport  
  28  3:14  SCV  
  29  3:25  Factory Tech Lab, SCV  
  29  3:27  Marine x2, SCV  
  33  3:37  SCV  
  33  3:39  SCV  
  35  3:44  Supply Depot  
  35  3:47  Marine x2  
  37  3:49  SCV  
  37  3:51  SCV  
  37  3:53  Cloaking Field  
  37  3:54  Banshee  
  42  4:01  SCV  
  42  4:03  SCV  
  42  4:04  Marine x2  
  45  4:13  Siege Tank, SCV  
  45  4:15  SCV  
  47  4:19  Bunker, Supply Depot  
  47  4:22  Marine x2  
  49  4:25  SCV  
  49  4:27  SCV  
  51  4:37  Barracks, SCV  
  52  4:39  Barracks  
  52  4:41  Banshee  
  52  4:42  Marine  
  52  4:44  Marine  
  57  4:51  SCV  
  58  4:55  Siege Tank  
  58  4:57  Supply Depot  
  61  5:03  Engineering Bay  
  61  5:04  SCV  
  62  5:08  Refinery  
  62  5:19  Marine x2, SCV x2  
  66  5:31  SCV x2  
  66  5:35  Marine  
  69  5:36  Stimpack  
  69  5:37  Factory Reactor  
  69  5:40  Marine, Supply Depot  
  69  5:42  Terran Infantry Weapons Level 1  
  70  5:43  Supply Depot  
  70  5:44  Marine x2  
  70  5:45  SCV x2  
  74  5:54  Starport Reactor  
  74  5:55  Supply Depot  
  74  5:56  Marine, Refinery  
  77  5:57  Marine, SCV x2  
  77  5:58  Combat Shield  
  78  6:04  Marine  
  78  6:05  Marauder  
  78  6:08  Supply Depot  
  78  6:09  SCV  
  82  6:15  Marine  
  82  6:16  Marine  
  82  6:18  Widow Mine  
  86  6:20  Widow Mine  
  86  6:23  Marine  
  89  6:26  Marauder, Supply Depot  
  89  6:30  Medivac  
  93  6:33  Marine  
  93  6:34  Marine  
  93  6:39  Widow Mine  
  97  6:42  Marine, Widow Mine  
  97  6:44  Supply Depot  
  97  6:48  Marauder  
  97  6:49  Missile Turret  
  97  6:50  Medivac  
  97  6:51  Missile Turret  
  97  6:52  Marauder, Marine  
  104  6:59  Marine  
  104  7:01  Widow Mine, Supply Depot  
  107  7:03  Widow Mine  
  107  7:05  Medivac  
  111  7:09  Marine, Marauder  
  111  7:11  Supply Depot  
  111  7:13  Marauder  
  116  7:16  Concussive Shells  
  116  7:20  Medivac  
  116  7:22  Widow Mine  
  120  7:25  Marine  
  121  7:30  Marauder  
  121  7:31  Marine, SCV  
  121  7:34  Marauder  
  121  7:35  Widow Mine  
  129  7:42  Command Center  
  129  7:43  Marine  
  129  7:46  Widow Mine  
  129  7:49  Barracks  
  129  7:50  Barracks  
  131  7:52  Marauder, Medivac  
  131  7:53  Medivac  
  131  7:54  Marine  
  131  7:57  Widow Mine  
  140  8:01  Marine  
  140  8:04  Marauder  
  139  8:07  Widow Mine  
  139  8:12  SCV  
Tags
 
Add a new tag
Caveats
  • Supply blocks, unpowered buildings, or Contaminate may cause inaccurate times.
  • Supply counts are checked every 10 seconds.